 Dungeon Crawl Stone Soup version 0.30-a0-918-g0ff054e9dc (webtiles) character file.

Game seed: 1264217710082992605

39914 BigDaddyOpFi the Warrior (level 14, -1/150 HPs)
             Began as a Hill Orc Fighter on Mar 20, 2023.
             Was a High Priest of Beogh.
             Slain by an orc
             ... wielding a +0 mace
             ... led by an orc warlord
              (6 damage)
             ... on level 2 of the Orcish Mines.
             The game lasted 00:21:46 (21755 turns).

BigDaddyOpFi the Warrior (Hill Orc Fighter)        Turns: 21755, Time: 00:21:47

Health: -1/150     AC: 19    Str: 24    XL:     14   Next: 8%
Magic:  24/24      EV:  8    Int:  6    God:    Beogh [*****.]
Gold:   1298       SH:  6    Dex: 10    Spells: 13/13 levels left

rFire   + . .      SeeInvis +    e - +8 trident of the Octopus King {venom, rElec rPois}
rCold   + . .      Faith    .    c - +0 buckler
rNeg    . . .      Spirit   .    x - +4 chain mail
rPois   +          Reflect  .    l - +0 helmet
rElec   +          Rampage  .    C - scarf {repulsion}
rCorr   +                        (no gloves)
Will    +....                    S - +0 pair of boots Stlth
                                 (no amulet)
HPRegen 0.45/turn                b - +4 ring of slaying
MPRegen 0.19/turn                j - ring of see invisible

@: resistant, studying Fighting, repel missiles
A: walk on water, hooves 1, dopey 1, robust 1
a: Renounce Religion, Smiting, Recall Orcish Followers, Give Item to Named
Follower


You were on level 2 of the Orcish Mines.
You worshipped Beogh.
Beogh was extremely pleased with you.
You visited 3 branches of the dungeon, and saw 18 of its levels.
You also visited: Sewer and Bailey.

You collected 1298 gold pieces.

Inventory:

Hand Weapons
 a - a +3 war axe
 e - the +8 trident of the Octopus King (weapon) {venom, rElec rPois}
   (You took it off an orc on level 8 of the Dungeon)

   rElec:     It insulates you from electricity.
   rPois:     It protects you from poison.
 K - the +5 hand axe of Impatience {heavy, *Corrode rPois rN++ Int+3}
   (You found it on level 10 of the Dungeon)

   Int:       It affects your intelligence (+3).
   rPois:     It protects you from poison.
   rN:        It greatly protects you from negative energy.
   *Corrode:  It may corrode you when you take damage.
 P - the +8 spear "Giaschou" {antimagic, *Noise *Slow rC+++ SInv}
   (You found it on level 5 of the Lair of Beasts)

   rC:        It renders you almost immune to cold.
   SInv:      It lets you see invisible.
   *Noise:    It may make noises in combat.
   *Slow:     It may slow you when you take damage.
Missiles
 y - a throwing net
Armour
 c - a +0 buckler (worn)
 l - a +0 helmet (worn)
 x - a +4 chain mail (worn)
 C - a scarf of repulsion (worn)
 H - a +1 cloak
 S - a +0 pair of boots (worn)
Jewellery
 b - a +4 ring of slaying (left hand)
 h - a +4 ring of protection
 j - a ring of see invisible (right hand)
 q - a ring of wizardry
 z - a ring of willpower
 D - a +6 ring of dexterity
 L - a ring of ice
 Q - a ring of resist corrosion
Wands
 m - a wand of roots (18)
 A - a wand of digging (1)
 F - a wand of flame (27) (quivered)
 I - a wand of mindburst (6)
Scrolls
 f - 2 scrolls of butterflies
 i - 2 scrolls of noise
 k - a scroll of silence
 p - 3 scrolls of amnesia
 v - a scroll of torment
 B - 4 scrolls of poison
 E - a scroll of fog
 O - a scroll of magic mapping
 R - 2 scrolls of immolation
 T - 3 scrolls of identify
Potions
 d - 5 potions of might
 g - 4 potions of brilliance
 r - 3 potions of lignification
 s - 2 potions of flight
 t - a potion of invisibility {unknown}
 u - 3 potions of cancellation
 M - 2 potions of haste
 N - 2 potions of ambrosia {unknown}


   Skills:
 + Level 16.1 Fighting
 - Level 9.0(11.4) Axes
 + Level 9.4(10.5) Polearms
 + Level 12.3 Armour
 + Level 12.3 Shields
 + Level 13.6 Invocations


You had 13 spell levels left.
You didn't know any spells.
Your spell library contained the following spells:

 Spells                   Type           Power      Damage    Failure   Level
 Kiss of Death            Conj/Necr      0%         2d5       96%         1
 Magic Dart               Conj           0%         1d3       96%         1
 Summon Small Mammal      Summ           0%         N/A       96%         1
 Call Imp                 Summ           0%         N/A       99%         2
 Scorch                   Fire           0%         2d5       99%         2
 Call Canine Familiar     Summ           0%         N/A       100%        3
 Confusing Touch          Hex            0%         N/A       100%        3
 Mephitic Cloud           Conj/Pois/Air  0%         N/A       100%        3
 Portal Projectile        Hex/Tloc       0%         N/A       100%        3
 Summon Guardian Golem    Hex/Summ       0%         N/A       100%        3
 Dispel Undead            Necr           0%         3d6       100%        4
 Flame Wave               Conj/Fire      0%         2d4       100%        4
 Leda's Liquefaction      Hex/Erth       0%         N/A       100%        4
 Summon Cactus Giant      Summ           0%         N/A       100%        6
 Orb of Destruction       Conj           0%         9d5       100%        7
 Spellforged Servitor     Conj/Summ      0%         N/A       100%        7


Dungeon Overview and Level Annotations

Branches:
Dungeon (11/15)            Temple (0/1) D:5            Lair (5/5) D:10
  Swamp (0/4) Lair:3        Snake (0/4) Lair:2        Slime (0/5) Lair:4
    Orc (2/2) D:11          Sewer (visited)          Bailey (visited)
    Elf: Orc:2

Altars:
Cheibriados
Hepliaklqana
Makhleb
Nemelex Xobeh
Okawaru
Sif Muna
Trog
Vehumet
Jiyva

Shops:
D:4 ?   D:5 [   D:8 :

Annotations:
Orc:1 Erolcha


Innate Abilities, Weirdness & Mutations

You can walk on water.
You have large cloven feet.
You are dopey. (Int -2)
You are robust. (+10% HP)


Message History

The orc warlord's wounds heal themselves!
The orc warlord roars a battlecry!
The orcs go into a battle-frenzy!
The warg attacks as you move away! The warg bites you!
Found a stone staircase leading up.
You feel less confused.
The orc priest begins to cast a cantrip, but forgets the words!
Your orc warrior hits the orc warlord with a +0 scimitar!
The warg bites you!
* * * LOW HITPOINT WARNING * * *
The warg barely misses you.
The orc priest no longer looks unusually strong.
The orc warrior no longer looks unusually strong.
The orc closely misses you. The warg bites you but does no damage.
The warg bites you!
* * * LOW HITPOINT WARNING * * *
The orc priest calls upon Beogh to heal the orc warlord.
The orc warlord is healed somewhat.
You block the warg's attack. The warg bites you but does no damage.
Your orc hits the orc warrior but does no damage.
Unknown command.
As you read the scroll of fog, it crumbles to dust.
The scroll dissolves into smoke.
You block the warg's attack. The warg bites you but does no damage.
Your orc warrior hits the orc warlord with a +0 scimitar!!
The warg attacks as you move away! The warg bites you!
* * * LOW HITPOINT WARNING * * *
Something closely misses the orc warrior.
The warg bites you but does no damage. The warg barely misses you.
The orc warrior attacks as you move away!
The orc warrior hits you with a +0 hand axe.
* * * LOW HITPOINT WARNING * * *
The warg completely misses you. The orc barely misses you.
The warg attacks as you move away! The warg bites you but does no damage.
The warg bites you!
* * * LOW HITPOINT WARNING * * *
You block the warg's attack. The orc attacks as you move away!
The orc hits you with a +0 mace.
You die...
Beogh appreciates the orc's killing of a heretic priest.

#)).. #)........#####..
######.................
#.#..................#
..........#..........#
#...)....$# .........#
##.))o.$## #§§......##
#..).))..####§§o......#
##..#..oo#o#§§oh@..<.#
##.#...oo.§§§oh##...#
####.$..o§§§### .....
##.$...§§..# ....
#.......#### ...
#.........# ..
#............. .
........#.......
......####......


You could see 2 wargs, an orc warrior and 2 orcs.

Vanquished Creatures
  2 catoblepae (Lair:5)
  3 two-headed ogres
  A death yak (Lair:5)
  A boulder beetle (D:11)
  A skyshark (Lair:5)
  A manticore (D:11)
  A cyclops (D:11)
  4 black mambas
  8 elephants
  2 cane toads (Lair:2)
  2 torpor snails
  A rime drake (Lair:1)
  A kobold demonologist (D:11)
  An unseen horror (D:10)
  4 komodo dragons
  5 polar bears
  3 trolls
  Grinder (D:4)
  2 blink frogs (Lair:5)
  3 dream sheep
  Sigmund (D:3)
  4 wyverns
  18 yaks
  2 shadows (D:11)
  3 wraiths
  Grum (Lair:1)
  2 basilisks
  A steam dragon (Lair:1)
  6 vampire mosquitoes
  2 acid dragons
  3 nagas (Lair:2)
  2 hell hounds (Lair:2)
  9 water moccasins
  12 orc warriors
  4 ice beasts
  2 sky beasts
  4 ogres
  13 wolves
  9 centaurs
  A phantom (D:6)
  4 kobold brigands
  3 bullfrogs
  A gnoll sergeant (D:5)
  5 scorpions
  9 wights (D:8)
  4 killer bees (D:9)
  An electric eel (D:9)
  A hound (D:4)
  2 jellies
  3 orc priests
  2 gnoll boudas
  2 sleepcaps (D:6)
  4 iguanas
  6 orc wizards
  A mummy (D:4)
  5 adders
  13 gnolls
  A shadow imp (D:5)
  A white imp (D:5)
  2 ufetubi
  3 worms
  2 dart slugs
  43 orcs
  11 ball pythons
  4 bats
  5 endoplasms
  4 giant cockroaches
  8 goblins
  10 hobgoblins
  7 jackals (D:1)
  3 quokkas
  4 frilled lizards
  19 kobolds
  7 rats
  A butterfly (Lair:3)
347 creatures vanquished.

Vanquished Creatures (collateral kills)
  Nergalle (Lair:3)
  4 elephants
  2 torpor snails
  2 cane toads
  A komodo dragon (Lair:3)
  2 polar bears
  2 dream sheep (Lair:3)
  5 blink frogs
  3 yaks
  3 basilisks
  5 vampire mosquitoes (Lair:3)
  2 wargs (Orc:2)
  A naga (Lair:2)
  5 water moccasins
  A wolf (Lair:5)
  3 bullfrogs
  A jelly (Lair:4)
  An orc (Orc:2)
  2 bushes (Lair:2)
  6 butterflies
52 creatures vanquished.

Vanquished Creatures (others)
  2 orc knights (Lair:5)
  An orc warrior (Orc:2)
  An orc wizard (Orc:2)
  10 orcs
  38 fungi
  74 plants
126 creatures vanquished.

Grand Total: 525 creatures vanquished

Notes
Turn   | Place    | Note
-------+----------+-------------------------------------------
     0 | D:1      | BigDaddyOpFi the Hill Orc Fighter began the quest for the
                  | Orb.
     0 | D:1      | Reached XP level 1. HP: 19/19 MP: 1/1
   107 | D:1      | Reached XP level 2. HP: 27/27 MP: 2/2
   224 | D:1      | Reached skill level 4 in Fighting
   227 | D:1      | Reached XP level 3. HP: 33/33 MP: 3/3
  1465 | D:2      | Reached XP level 4. HP: 35/40 MP: 4/4
  1687 | D:3      | Found a radiant altar of Vehumet.
  1934 | D:3      | Noticed an ogre
  1939 | D:3      | Killed an ogre
  1940 | D:3      | Reached XP level 5. HP: 7/47 MP: 5/5
  2092 | D:3      | Found a glowing drain.
  2111 | Sewer    | Entered a sewer
  2134 | Sewer    | Noticed a kobold brigand
  2145 | Sewer    | Killed a kobold brigand
  2146 | Sewer    | Reached skill level 5 in Fighting
  2146 | Sewer    | Reached XP level 6. HP: 49/56 MP: 6/6
  2501 | D:3      | Identified the +3 whip of Crusades {distort, Dex+4}
  2515 | D:3      | Reached skill level 5 in Axes
  2545 | D:3      | Found a hazy altar of Hepliaklqana.
  2585 | D:3      | Found a burning altar of Makhleb.
  2712 | D:3      | Noticed Sigmund
  2721 | D:3      | Killed Sigmund
  2722 | D:3      | Reached skill level 5 in Armour
  2722 | D:3      | Reached skill level 5 in Shields
  2722 | D:3      | Reached XP level 7. HP: 57/62 MP: 7/7
  3255 | D:4      | Found a snail-covered altar of Cheibriados.
  3299 | D:4      | Noticed Grinder
  3302 | D:4      | Paralysed by Grinder for 5 turns
  3315 | D:4      | Killed Grinder
  3316 | D:4      | Reached skill level 6 in Fighting
  3391 | D:4      | Found Tudd's Magic Scroll Boutique.
  3608 | D:5      | Entered Level 5 of the Dungeon
  3621 | D:5      | Reached XP level 8. HP: 71/71 MP: 8/8
  3832 | D:5      | Became a worshipper of Beogh the Brigand
  3918 | D:5      | Reached skill level 1 in Invocations
  4115 | D:5      | Found Jang's Armour Shop.
  4240 | D:5      | Found a staircase to the Ecumenical Temple.
  4272 | D:5      | Reached skill level 7 in Fighting
  4800 | D:6      | Noticed a wraith
  4828 | D:6      | Killed a wraith
  4844 | D:6      | Reached XP level 9. HP: 11/79 MP: 12/12
  5249 | D:6      | Noticed a two-headed ogre
  5312 | D:6      | Reached skill level 5 in Invocations
  5543 | D:6      | Found a bloodstained altar of Trog.
  5598 | D:6      | Killed a two-headed ogre
  6162 | D:6      | Reached skill level 8 in Fighting
  6472 | D:7      | Reached * piety under Beogh
  6954 | D:7      | Reached XP level 10. HP: 84/88 MP: 15/15
  7919 | D:8      | Found Boqyach's Book Shoppe.
  8703 | D:8      | Reached skill level 1 in Polearms
  8828 | D:8      | Reached ** piety under Beogh
  9118 | D:9      | Found a flagged portal.
  9144 | Bailey   | Entered a bailey
  9168 | Bailey   | Reached skill level 9 in Fighting
 10073 | Bailey   | Reached skill level 10 in Invocations
 10132 | Bailey   | Reached XP level 11. HP: 20/97 MP: 18/18
 11421 | D:9      | Reached *** piety under Beogh
 11534 | D:10     | Entered Level 10 of the Dungeon
 11577 | D:10     | Found a sparkling altar of Nemelex Xobeh.
 11863 | D:10     | Found a shimmering blue altar of Sif Muna.
 11935 | D:10     | Found a staircase to the Lair.
 11940 | D:10     | Reached skill level 10 in Fighting
 11984 | D:10     | Identified the +5 hand axe of Impatience {heavy, *Corrode
                  | rPois rN++ Int+3}
 12019 | D:10     | Noticed a two-headed ogre
 12023 | D:10     | Noticed a two-headed ogre
 12042 | D:10     | Killed a two-headed ogre
 12463 | D:10     | Reached skill level 12 in Fighting
 12463 | D:10     | Reached skill level 10 in Armour
 12463 | D:10     | Reached skill level 10 in Shields
 12463 | D:10     | Reached XP level 12. HP: 113/113 MP: 20/20
 13299 | D:11     | Noticed a boulder beetle
 13325 | D:11     | Killed a boulder beetle
 13326 | D:11     | Reached skill level 13 in Fighting
 13655 | D:11     | Found a staircase to the Orcish Mines.
 13733 | D:11     | Found an iron altar of Okawaru.
 13988 | Orc:1    | Entered Level 1 of the Orcish Mines
 13989 | Orc:1    | Noticed Erolcha
 14019 | D:10     | Killed a two-headed ogre
 14085 | Lair:1   | Entered Level 1 of the Lair of Beasts
 15461 | Lair:1   | Noticed Grum
 15470 | Lair:1   | Killed Grum
 15470 | Lair:1   | Reached **** piety under Beogh
 15471 | Lair:1   | Reached XP level 13. HP: 123/123 MP: 22/22
 15844 | Lair:1   | Reached skill level 14 in Fighting
 16039 | Lair:1   | Identified the +0 chain mail of Xom's Felicitations
                  | {Rampage +Inv Str+3 Int-3}
 16325 | Lair:2   | Found a staircase to the Snake Pit.
 16848 | Lair:2   | Gained Orbeogh as an ally
 17067 | Lair:2   | Gained Brunolf as an ally
 17816 | Lair:3   | Found a staircase to the Swamp.
 18082 | Lair:3   | Noticed Nergalle
 18090 | Lair:3   | Killed Nergalle
 18653 | Lair:3   | Reached skill level 15 in Fighting
 18695 | Lair:3   | Reached ***** piety under Beogh
 19409 | Lair:4   | Found a runed translucent door.
 19409 | Lair:4   | Found a viscous altar of Jiyva.
 19415 | Lair:4   | Found a staircase to the Slime Pits.
 20053 | Lair:5   | Entered Level 5 of the Lair of Beasts
 20070 | Lair:5   | Your ally Orbeogh died
 20804 | Lair:5   | Identified the +8 spear "Giaschou" {antimagic, *Noise *Slow
                  | rC+++ SInv}
 20879 | Lair:5   | Reached XP level 14. HP: 119/136 MP: 24/24
 21016 | Lair:5   | Noticed a dire elephant
 21022 | Lair:5   | Your ally Brunolf died
 21034 | Lair:5   | Reached skill level 16 in Fighting
 21724 | Orc:1    | You fall into a shaft and drop 1 floor!
 21724 | Orc:2    | Entered Level 2 of the Orcish Mines
 21730 | Orc:2    | Gained mutation: You have large cloven feet. [potion of
                  | mutation]
 21730 | Orc:2    | Gained mutation: You are dopey. (Int -2) [potion of
                  | mutation]
 21730 | Orc:2    | Gained mutation: You are robust. (+10% HP) [potion of
                  | mutation]
 21734 | Orc:2    | Noticed an orc warlord
 21754 | Orc:2    | HP: 5/150 [warg[an orc warlord] (13)]
 21755 | Orc:2    | Slain by an orc

Illustrated notes

Levels and vault maps discovered:
D:1:      minmay_arrival_open_corners, layout_basic
D:2:      layout_loops_corners, kennysheep_generic_room_4
D:3:      layout_basic, nzn_hepliaklqana_mist_gate, bloody_makhleb,
          old_standard_altar, portal_sewer_entry_a, dreamdust_mushroom_princess,
          uniq_sigmund
D:4:      layout_rooms, slow_altar_2, serial_shops, nicolae_shop_crystal,
          uniq_grinder
D:5:      layout_basic, temple_fountains, serial_shops, shop, st_stairs_13
D:6:      layout_cave_pods, mainiacjoe_overflow_24_doors,
          chequers_serial_rivers_micro_d, chequers_serial_rivers_large_b,
          kb_rosetta
D:7:      layout_loops_corners
D:8:      layout_basic, chequers_ossuary_entry_cave, serial_shops,
          nicolae_shop_competitors_out_of_business
D:9:      cheibrodos_helix_gallery, layout_basic, enter_bailey_5,
          nicolae_lava_and_water
D:10:     layout_gridville, mainiacjoe_overflow_six_doors_small,
          kennysheep_mini_moat, grunt_lair_entry_orc_guard_hut
D:11:     layout_irregular_city, orc_0_dummy, okawaru_altar_gauntlet_db
Lair:1:   layout_long_grid, portal_ice_cave_entry_pillars_1, uniq_grum
Lair:2:   layout_cave_pods, minmay_snake_entry_guardpost_small, serial_forest,
          infiniplex_forest_clump_long, infiniplex_forest_end_1,
          infiniplex_forest_split, infiniplex_forest_lined_corner,
          infiniplex_forest_clump_C, infiniplex_forest_lined_2,
          infiniplex_forest_side_room, infiniplex_forest_lined_room_2,
          infiniplex_forest_lined_1, enter_volcano_3
Lair:3:   layout_roguey, minmay_swamp_entry_swarm, lemuel_fruit_fields,
          lemuel_fruit_fields, uniq_nergalle
Lair:4:   layout_roguey, slime_entry_2, chequers_serial_rivers_large_a,
          nicolae_lair_grove_arrangements
Lair:5:   grunt_lair_end_beastmaster, layout_misc_corridors,
          lemuel_fruit_fields, grunt_megastairs_1
Orc:1:    layout_caves, uniq_erolcha, uniq_jorgrun
Orc:2:    grunt_orc_community_town_hall, layout_diamond_mine,
          grunt_orc_community_big_house_2, grunt_orc_community_big_house_2,
          grunt_orc_community_house_3, grunt_orc_community_house_1,
          grunt_orc_community_house_3, grunt_orc_community_house_2,
          grunt_orc_community_house_2

Skill      XL: |  1  2  3  4  5  6  7  8  9 10 11 12 13 14 |
---------------+-------------------------------------------+-----
Axes           | 3 4 5 6 7 8 9 |  9.0
Fighting       | 4 5 6 7 8 9 12 13 15 16 | 16.1
Armour         | 4 5 6 7 8 10 11 12 | 12.3
Shields        | 4 5 6 7 8 10 11 12 | 12.3
Invocations    | 4 7 10 11 12 13 | 13.6
Polearms       | 2 6 7 9 |  9.4

Action                     |  1- 3 |  4- 6 |  7- 9 | 10-12 | 13-15 || total
---------------------------+-------+-------+-------+-------+-------++-------
  Melee: War axe           |   120 |    87 |   289 |    85 |       ||   581
         Trident           |       |       |       |   417 |   365 ||   782
  Throw: Throwing net      |       |       |       |     1 |     1 ||     2
 Invoke: Convert to Beogh  |       |       |     1 |       |       ||     1
         Recall Orcish Fol |       |       |       |       |     6 ||     6
  Evoke: Wand              |       |       |       |       |     6 ||     6
    Use: Scroll            |     2 |     3 |       |     9 |    13 ||    27
         Potion            |     1 |     3 |     2 |    12 |     8 ||    26
   Stab: Distracted        |       |       |       |       |     5 ||     5
         Petrified         |       |       |       |       |     3 ||     3
 Armour: Scale mail        |    67 |    35 |       |       |       ||   102
         Chain mail        |       |       |   243 |   305 |   228 ||   776
  Dodge: Dodged            |    70 |    43 |   130 |   230 |   129 ||   602
         Repelled          |       |       |       |     3 |     2 ||     5
  Block: Buckler           |    38 |    14 |    95 |   212 |   129 ||   488

Table legend: (Time is in decaauts)
 A = Elapsed time spent in this place.
 B = Non-inter-level travel time spent in this place.
 C = Inter-level travel time spent in this place.
 D = Time resting spent in this place.
 E = Time spent auto-exploring this place.
 F = Levels seen in this place.
 G = Mean time per level.
                   A        B        C        D        E       F      G
               +--------+--------+--------+--------+--------+-----+--------+
         Total |  21965 |  21102 |    863 |   5607 |  12105 |  20 | 1098.2 |
       Dungeon |  13142 |  12494 |    648 |   2615 |   7950 |  11 | 1194.7 |
          Lair |   6902 |   6687 |    215 |   2132 |   3685 |   5 | 1380.4 |
  Orcish Mines |     46 |     46 |      0 |      0 |      0 |   2 |   23.0 |
         Sewer |    347 |    347 |      0 |      0 |    224 |   1 |  347.0 |
        Bailey |   1527 |   1527 |      0 |    860 |    246 |   1 | 1527.0 |
               +--------+--------+--------+--------+--------+-----+--------+

Top non-repeatable levels by time:
     D:6: 2349 daAuts
    D:10: 1849 daAuts
  Lair:3: 1613 daAuts
  Lair:1: 1573 daAuts
  Lair:2: 1560 daAuts
  Bailey: 1527 daAuts
  Lair:5: 1491 daAuts
    D:11: 1373 daAuts
     D:8: 1202 daAuts
     D:3: 1166 daAuts
     D:7: 1086 daAuts
     D:9: 961 daAuts
     D:5: 957 daAuts
     D:2: 886 daAuts
     D:1: 795 daAuts
